 Dungeon Crawl Stone Soup version 0.30-a0-948-g4fa250aae5 (webtiles) character file.

Game seed: 4936925730557584791

36 DeathPants the Trooper (level 3, -7/20 HPs)
             Began as a Vine Stalker Fighter on Mar 26, 2023.
             Mangled by an ogre
             ... wielding a +0 giant club
              (20 damage)
             ... on level 2 of the Dungeon.
             The game lasted 00:03:13 (912 turns).

DeathPants the Trooper (Vine Stalker Fighter)        Turns: 912, Time: 00:03:13

Health: -7/20      AC:  6    Str: 18    XL:     3   Next: 37%
Magic:  0/4        EV:  9    Int: 10    God:
Gold:   54         SH:  4    Dex: 13    Spells: 2/2 levels left

rFire   . . .      SeeInvis .    b - +0 hand axe
rCold   . . .      Faith    .    c - +0 buckler
rNeg    . . .      Spirit   +    g - +0 scale mail
rPois   .          Reflect  .    (no helmet)
rElec   .          Rampage  .    (no cloak)
rCorr   .                        (no gloves)
Will    .....                    (no boots) Stlth
                                 (no amulet)
HPRegen 0.23/turn                (no ring)
MPRegen 0.09/turn                (no ring)

@: mighty
A: fangs 2, magic shield, antimagic bite, no potion heal 2
a: no special abilities


You were on level 2 of the Dungeon.
You visited 1 branch of the dungeon, and saw 3 of its levels.

You collected 54 gold pieces.

Inventory:

Hand Weapons
 a - a +0 war axe
 b - a +0 hand axe (weapon)
Armour
 c - a +0 buckler (worn)
 g - a +0 scale mail (worn)
Scrolls
 f - a scroll of amnesia {unknown}
 i - a scroll of butterflies {unknown}
 j - 2 scrolls of identify {unknown}
 k - a scroll of enchant armour {unknown}
 l - a scroll of fear {unknown}
Potions
 e - a potion of magic {unknown}
 h - 3 potions of curing {unknown}


   Skills:
 + Level 3.0 Fighting
 * Level 2.7 Axes
 - Level 2.4 Armour
 + Level 3.0 Shields


You had 2 spell levels left.
You didn't know any spells.
Your spell library contained the following spells:

 Spells                   Type           Power      Damage    Failure   Level
 Summon Small Mammal      Summ           0%         N/A       85%         1
 Call Canine Familiar     Summ           0%         N/A       99%         3
 Ozocubu's Armour         Ice            0%         N/A       99%         3
 Summon Guardian Golem    Hex/Summ       0%         N/A       99%         3
 Metabolic Englaciation   Hex/Ice        0%         N/A       100%        5
 Simulacrum               Ice/Necr       0%         N/A       100%        6


Dungeon Overview and Level Annotations

Branches:
Dungeon (3/15)

Altars:


Innate Abilities, Weirdness & Mutations

You have extremely sharp teeth.
When hurt, damage is shared between your health and your magic reserves.
Your bite disrupts and absorbs the magic of your enemies.
Potions cannot restore your health.


Message History

You hit the goblin.
You kill the goblin!
The hobgoblin hits you but does no damage.
You hit the hobgoblin but do no damage.
You bite the hobgoblin, but do no damage.
The hobgoblin is heavily wounded.
You block the hobgoblin's attack.
You hit the hobgoblin but do no damage. You bite the hobgoblin.
You kill the hobgoblin!
Things that are here:
a +0 dagger; a hobgoblin corpse You see here a +0 club.
j - 2 scrolls labelled QEBIVUWOSCH (gained 1)
Things that are here:
a +0 club; a kobold corpse An ogre comes into view.
It is wielding a +0 giant club.
The ogre shouts!
You have nothing you can fire or use right now.
You aren't carrying any items that you can evoke.
You feel very mighty all of a sudden. The ogre closely misses you.
You closely miss the ogre. You bite the ogre. You drain its power.
The ogre is lightly wounded.
The ogre completely misses you.
You hit the ogre. Your bite misses the ogre.
The ogre is moderately wounded.
The ogre hits you with a +0 giant club.
You barely miss the ogre.
The ogre is moderately wounded.
You barely miss the ogre.
The ogre is moderately wounded.
The ogre hits you but does no damage.
You hit the ogre. You bite the ogre! You drain its power.
You feel invigorated.
The ogre is severely wounded.
The ogre hits you with a +0 giant club.
You hit the ogre. Your bite misses the ogre.
The ogre is almost dead.
The ogre hits you with a +0 giant club!!
Ouch! That really hurt!
You die...

... ....
...#######
###.......###
.........@O>#
#.........###
#..........)#
#....))...#.#
#......)..# ..
#.........#####
................#
##########..###.#
#...# #....#


You could see an ogre.

Vanquished Creatures
  2 dart slugs
  5 endoplasms
  A giant cockroach (D:1)
  3 goblins
  2 hobgoblins
  4 kobolds
  A quokka (D:1)
  3 ball pythons
  A bat (D:2)
  3 frilled lizards
  5 rats
30 creatures vanquished.

Notes
Turn   | Place    | Note
-------+----------+-------------------------------------------
     0 | D:1      | DeathPants the Vine Stalker Fighter began the quest for the
                  | Orb.
     0 | D:1      | Reached XP level 1. HP: 11/11 MP: 2/2
   185 | D:1      | Reached XP level 2. HP: 6/16 MP: 3/3
   760 | D:2      | Reached XP level 3. HP: 20/20 MP: 4/4
   903 | D:2      | Noticed an ogre
   912 | D:2      | Mangled by an ogre

Illustrated notes

Levels and vault maps discovered:
D:1:      shiori_arrival_elements, layout_basic, chequers_serial_rivers_micro_b
D:2:      layout_basic, st_stairs_9, minmay_split_cup_small
D:3:      minmay_evil_eye, layout_basic, nicolae_uskayaw_suspiria,
          gammafunk_ghost_arena, uniq_jessica, uniq_natasha

Skill      XL: |  1  2  3 |
---------------+----------+-----
Axes           | 2 |  2.7
Fighting       | 3 |  3.0
Shields        | 3 |  3.0
Armour         | |  2.4

Action                     || total
---------------------------++-------
  Melee: War axe           ||    22
         Bite              ||    14
         Hand axe          ||    50
    Use: Potion            ||     1
 Armour: Scale mail        ||    30
  Dodge: Dodged            ||    31
  Block: Buckler           ||    16

Table legend: (Time is in decaauts)
 A = Elapsed time spent in this place.
 B = Non-inter-level travel time spent in this place.
 C = Inter-level travel time spent in this place.
 D = Time resting spent in this place.
 E = Time spent auto-exploring this place.
 F = Levels seen in this place.
 G = Mean time per level.
                   A        B        C        D        E       F      G
               +--------+--------+--------+--------+--------+-----+--------+
         Total |    933 |    910 |     23 |      0 |    643 |   3 |  311.0 |
       Dungeon |    933 |    910 |     23 |      0 |    643 |   3 |  311.0 |
               +--------+--------+--------+--------+--------+-----+--------+

Top non-repeatable levels by time:
     D:1: 738 daAuts
     D:2: 193 daAuts
     D:3: 1 daAuts
